 Dungeon Crawl Stone Soup version 0.29-a0-284-gf9362112df (webtiles) character file.

Game seed: 12108455029873229863

1596 epen the Archer (level 8, -1/62 (64) HPs)
             Began as a Gnoll Hunter on Mar 14, 2022.
             Was a Follower of Dithmenos.
             Slain by a yak (11 damage)
             ... on level 5 of the Dungeon.
             The game lasted 00:06:41 (3863 turns).

epen the Archer (Gnoll Hunter)                      Turns: 3863, Time: 00:06:41

HP:   -1/62 (64)    AC: 12    Str: 14    XL:     8   Next: 93%
MP:   13/13         EV: 15    Int:  9    God:    Dithmenos [*.....]
Gold: 286           SH:  0    Dex: 21    Spells: 14/14 levels left

rFire   . . .      SeeInvis .   a - +2 shortbow
rCold   . . .      Faith    .   (shield currently unavailable)
rNeg    . . .      Spirit   .   t - +2 leather armour {Will+}
rPois   +          Reflect  .   (no helmet)
rElec   .          Harm     .   (no cloak)
rCorr   .          Rampage  .   d - +4 pair of gloves of New Discoveries {Str+4}
Will    +....                   l - +1 pair of boots
Stlth   ++++......              e - amulet "Kujamydu" {Acrobat rPois Dex+3 Stlth+}
HPRegen 0.20/turn               (no ring)
MPRegen 0.13/turn               (no ring)

@: about to teleport, wreathed by umbra, lightly drained
A: fangs 1, strong nose, distributed training
a: Renounce Religion


You were on level 5 of the Dungeon.
You worshipped Dithmenos.
Dithmenos was aware of your devotion.
You visited 2 branches of the dungeon, and saw 6 of its levels.
You also visited: Sewer.

You collected 286 gold pieces.

Inventory:

Hand Weapons
 a - a +2 shortbow (weapon)
 u - a +2 vampiric dagger
Armour
 b - a +0 leather armour
 d - the +4 pair of gloves of New Discoveries (worn) {Str+4}
   (You acquired it on level 3 of the Dungeon)

   Str:       It affects your strength (+4).
 l - a +1 pair of boots (worn)
 t - a +2 leather armour of willpower (worn)
Jewellery
 e - the amulet "Kujamydu" (around neck) {Acrobat rPois Dex+3 Stlth+}
   (You acquired it on level 3 of the Dungeon)

   [amulet of the acrobat]

   It increases your evasion while moving and waiting.
   Dex:       It affects your dexterity (+3).
   rPois:     It protects you from poison.
   Stlth:     It makes you more stealthy.
Scrolls
 c - 2 scrolls of immolation
 h - 3 scrolls of vulnerability
 j - a scroll of enchant weapon
 k - 2 scrolls of identify
 s - a scroll of blinking
 v - a scroll of noise
 x - a scroll of magic mapping
Potions
 f - 3 potions of heal wounds {unknown}
 g - a potion of curing
 i - 2 potions of ambrosia {unknown}
 m - 2 potions of brilliance {unknown}
 n - 2 potions of cancellation
 o - a potion of invisibility
 p - 2 potions of resistance
 w - 2 potions of mutation


   Skills:
 + Level 5.9 Fighting
 + Level 3.7 Short Blades
 + Level 3.7 Long Blades
 + Level 3.7 Axes
 + Level 3.7 Maces & Flails
 + Level 3.7 Polearms
 + Level 3.7 Staves
 + Level 3.7 Slings
 + Level 9.3 Bows
 + Level 3.7 Crossbows
 + Level 3.7 Throwing
 + Level 3.7 Armour
 + Level 5.9 Dodging
 + Level 4.4 Stealth
 + Level 3.7 Shields
 + Level 3.7 Unarmed Combat
 + Level 3.7 Spellcasting
 + Level 3.0 Conjurations
 + Level 3.0 Hexes
 + Level 3.0 Summonings
 + Level 3.0 Necromancy
 + Level 3.0 Translocations
 + Level 3.0 Transmutations
 + Level 3.0 Fire Magic
 + Level 3.0 Ice Magic
 + Level 3.0 Air Magic
 + Level 3.0 Earth Magic
 + Level 3.0 Poison Magic
 + Level 4.0 Invocations
 + Level 3.7 Evocations


You had 14 spell levels left.
You didn't know any spells.
Your spell library contained the following spells:

 Spells                   Type           Power      Damage    Failure   Level
 Ensorcelled Hibernation  Hex/Ice        14%        N/A       16%         2
 Passwall                 Tmut/Erth      5%         N/A       16%         2
 Swiftness                Air            7%         N/A       30%         3
 Tukima's Dance           Hex            7%         N/A       30%         3
 Anguish                  Hex/Necr       3%         N/A       69%         4
 Enfeeble                 Hex            3%         N/A       100%        7


Dungeon Overview and Level Annotations

Branches:
Dungeon (5/15)             Temple (1/1) D:4           Sewer (visited)

Altars:
Ashenzari
Cheibriados
Dithmenos
Elyvilon
Fedhas
Gozag
Hepliaklqana
Kikubaaqudgha
Makhleb
Nemelex Xobeh
Okawaru
Qazlal
Ru
Sif Muna
Trog
Uskayaw
Vehumet
Wu Jian
Xom
Yredelemnul
Zin
The Shining One
Beogh

Shops:
D:4 [

Annotations:
D:5 Blork the orc


Innate Abilities, Weirdness & Mutations

You have very sharp teeth.
Your uncanny sense of smell can sniff out nearby items.
Your experience applies equally to all skills.


Message History

You shoot an arrow. The arrow barely misses Edmund.
The arrow hits the yak!
The yak is heavily wounded.
Edmund hits you with a +4 flail of draining.
You feel drained.
A jelly comes into view.
The yak gores you. The yak barely misses you.
Blork the orc comes into view.
He is wielding a +0 trident.
You shoot an arrow. The jelly quivers.
The arrow hits Edmund.
You kill Edmund!
Dithmenos accepts your kill. The yak gores you. The yak barely misses you.
Your Conjurations skill increases to level 3!
Your Hexes skill increases to level 3!
Your Summonings skill increases to level 3!
Your Necromancy skill increases to level 3!
Your Translocations skill increases to level 3!
Your Transmutations skill increases to level 3!
Your Fire Magic skill increases to level 3!
Your Ice Magic skill increases to level 3!
Your Air Magic skill increases to level 3!
Your Earth Magic skill increases to level 3!
Your Poison Magic skill increases to level 3!
Your Invocations skill increases to level 4!
You shoot an arrow. The arrow barely misses the yak.
The yak closely misses you. The yak gores you. The yak misses you.
The yak closely misses you.
You shoot an arrow. The arrow barely misses the yak.
The yak barely misses you. The yak gores you! The yak completely misses you.
The yak barely misses you.
You are too injured to fight recklessly!
You are too injured to fight recklessly!
You are too injured to fight recklessly!
As you read the scroll of teleportation, it crumbles to dust.
You feel strangely unstable. The yak closely misses you. The yak gores you!
* * * LOW HITPOINT WARNING * * *
The yak gores you.
* * * LOW HITPOINT WARNING * * *
The yak gores you!
You die...

.##..##.##..........##
..##...........##..##
.###................####
.. ...)............# ..
......#..........# .
.....#.........##
.............###
.......YY......#
.......Y@.......
.......YYY$.....
................
.....oJ.........
...>......###...
.........## ..#
.........#.... . ###.
............# .#.
#......#


You could see 6 yaks, Blork the orc and a jelly.

Vanquished Creatures
  Eustachio (D:5)
  Edmund (D:5)
  2 ice beasts
  A centaur (D:5)
  A phantom (D:5)
  A necrophage (D:4)
  3 bullfrogs
  A scorpion (D:5)
  2 jellies
  2 hounds (D:5)
  An orc priest (D:5)
  2 iguanas
  Natasha (twice) (D:2)
  4 orc wizards
  12 adders
  9 river rats (Sewer)
  A white imp (D:5)
  An ufetubus (D:5)
  2 worms
  3 dart slugs
  18 orcs
  17 ball pythons
  2 bats (D:1)
  5 endoplasms
  2 giant cockroaches
  6 goblins
  5 hobgoblins
  5 quokkas
  2 frilled lizards
  8 kobolds
  23 rats
145 creatures vanquished.

Notes
Turn   | Place    | Note
-------+----------+-------------------------------------------
     0 | D:1      | epen the Gnoll Hunter began the quest for the Orb.
     0 | D:1      | Reached XP level 1. HP: 20/20 MP: 1/1
   129 | D:1      | Reached XP level 2. HP: 26/26 MP: 2/2
   608 | D:2      | Reached XP level 3. HP: 7/31 MP: 3/3
   852 | D:2      | Noticed Natasha
   855 | D:2      | Killed Natasha
   856 | D:2      | Reached skill level 1 in Short Blades
   856 | D:2      | Reached skill level 1 in Long Blades
   856 | D:2      | Reached skill level 1 in Axes
   856 | D:2      | Reached skill level 1 in Maces & Flails
   856 | D:2      | Reached skill level 1 in Polearms
   856 | D:2      | Reached skill level 1 in Staves
   856 | D:2      | Reached skill level 1 in Slings
   856 | D:2      | Reached skill level 1 in Crossbows
   856 | D:2      | Reached skill level 1 in Throwing
   856 | D:2      | Reached skill level 1 in Armour
   856 | D:2      | Reached skill level 1 in Shields
   856 | D:2      | Reached skill level 1 in Unarmed Combat
   856 | D:2      | Reached skill level 1 in Spellcasting
   856 | D:2      | Reached skill level 1 in Invocations
   856 | D:2      | Reached skill level 1 in Evocations
   858 | D:2      | Noticed Natasha
   868 | D:2      | Killed Natasha
   869 | D:2      | Reached XP level 4. HP: 29/38 MP: 5/5
  1046 | D:2      | Reached skill level 1 in Conjurations
  1046 | D:2      | Reached skill level 1 in Hexes
  1046 | D:2      | Reached skill level 1 in Summonings
  1046 | D:2      | Reached skill level 1 in Necromancy
  1046 | D:2      | Reached skill level 1 in Translocations
  1046 | D:2      | Reached skill level 1 in Transmutations
  1046 | D:2      | Reached skill level 1 in Fire Magic
  1046 | D:2      | Reached skill level 1 in Ice Magic
  1046 | D:2      | Reached skill level 1 in Air Magic
  1046 | D:2      | Reached skill level 1 in Earth Magic
  1046 | D:2      | Reached skill level 1 in Poison Magic
  1134 | D:3      | Identified 2 scrolls of acquirement
  1134 | D:3      | Acquired the +4 pair of gloves of New Discoveries {Str+4}
  1141 | D:3      | Acquired the amulet "Kujamydu" {Acrobat rPois Dex+3 Stlth+}
  1232 | D:3      | Reached XP level 5. HP: 38/43 MP: 6/6
  1312 | D:3      | Found a glowing drain.
  1326 | Sewer    | Entered a sewer
  1444 | Sewer    | Reached XP level 6. HP: 50/50 MP: 8/8
  1569 | Sewer    | Reached skill level 5 in Fighting
  1569 | Sewer    | Reached skill level 5 in Dodging
  1678 | Sewer    | Reached XP level 7. HP: 55/56 MP: 10/10
  2073 | D:3      | Found a faded altar of an unknown god.
  2223 | D:4      | Found a staircase to the Ecumenical Temple.
  2264 | Temple   | Entered the Ecumenical Temple
  2469 | Temple   | Became a worshipper of Dithmenos the Shadowed
  2876 | D:4      | Found a sparkling altar of Nemelex Xobeh.
  2877 | D:4      | Found a hide-covered altar of Uskayaw.
  2877 | D:4      | Found a shimmering altar of Xom.
  2877 | D:4      | Found a hazy altar of Hepliaklqana.
  2878 | D:4      | Found an iron altar of Okawaru.
  2878 | D:4      | Found a glowing silver altar of Zin.
  2879 | D:4      | Found a broken altar of Ashenzari.
  2879 | D:4      | Found a burning altar of Makhleb.
  2882 | D:4      | Found a white marble altar of Elyvilon.
  2883 | D:4      | Found a blossoming altar of Fedhas.
  2883 | D:4      | Found a shimmering blue altar of Sif Muna.
  2925 | D:4      | Reached skill level 9 in Bows
  2986 | D:4      | Found Omyott's Antique Armour Emporium.
  3272 | D:5      | Entered Level 5 of the Dungeon
  3291 | D:5      | Reached XP level 8. HP: 52/63 MP: 12/12
  3605 | D:5      | Reached * piety under Dithmenos
  3650 | D:5      | Noticed a yak
  3650 | D:5      | Noticed a yak
  3703 | D:5      | Noticed Eustachio
  3714 | D:5      | Killed Eustachio
  3846 | D:5      | Noticed Edmund
  3851 | D:5      | Noticed a yak
  3851 | D:5      | Noticed a yak
  3853 | D:5      | Noticed a yak
  3855 | D:5      | Noticed a yak
  3859 | D:5      | Noticed Blork the orc
  3860 | D:5      | Killed Edmund
  3863 | D:5      | Slain by a yak

Illustrated notes

Levels and vault maps discovered:
D:1:      minmay_arrival_checkered_box, layout_rooms, chequers_decorated_corner
D:2:      layout_basic, uniq_natasha
D:3:      layout_loops_ring, cheibrodos_sewer_entry_bend,
          hellmonk_ecumenical_altar_defaced_shrine
D:4:      layout_basic, nicolae_overflows_in_rows, temple_fountains,
          serial_shops, nicolae_shop_advertising_works
          [nicolae_subvault_shop_adworks], minmay_misc_feat_iff
D:5:      layout_cave_pools, uniq_eustachio, uniq_edmund, uniq_blork_the_orc
Temple:   minmay_temple_curvy_loop

Skill      XL: |  1  2  3  4  5  6  7  8 |
---------------+-------------------------+-----
Short Blades   | 1 2 3 |  3.7
Long Blades    | 1 2 3 |  3.7
Axes           | 1 2 3 |  3.7
Maces & Flails | 1 2 3 |  3.7
Polearms       | 1 2 3 |  3.7
Staves         | 1 2 3 |  3.7
Slings         | 1 2 3 |  3.7
Crossbows      | 1 2 3 |  3.7
Throwing       | 1 2 3 |  3.7
Armour         | 1 2 3 |  3.7
Shields        | 1 2 3 |  3.7
Unarmed Combat | 1 2 3 |  3.7
Spellcasting   | 1 2 3 |  3.7
Invocations    | 1 2 3 4 |  4.0
Evocations     | 1 2 3 |  3.7
Conjurations   | 1 2 3 |  3.0
Hexes          | 1 2 3 |  3.0
Summonings     | 1 2 3 |  3.0
Necromancy     | 1 2 3 |  3.0
Translocations | 1 2 3 |  3.0
Transmutations | 1 2 3 |  3.0
Fire Magic     | 1 2 3 |  3.0
Ice Magic      | 1 2 3 |  3.0
Air Magic      | 1 2 3 |  3.0
Earth Magic    | 1 2 3 |  3.0
Poison Magic   | 1 2 3 |  3.0
Stealth        | 3 4 |  4.4
Fighting       | 5 |  5.9
Dodging        | 5 |  5.9
Bows           | 9 |  9.3

Action                   |  1- 3 |  4- 6 |  7- 9 || total
-------------------------+-------+-------+-------++-------
 Fire: Shortbow          |    63 |   173 |   224 ||   460
  Use: Potion            |     1 |       |       ||     1
       Scroll            |       |     6 |     9 ||    15
Armor: Leather armour    |     3 |    26 |    48 ||    77
Dodge: Dodged            |    10 |    47 |    93 ||   150

Table legend: (Time is in decaauts)
 A = Elapsed time spent in this place.
 B = Non-inter-level travel time spent in this place.
 C = Inter-level travel time spent in this place.
 D = Time resting spent in this place.
 E = Time spent auto-exploring this place.
 F = Levels seen in this place.
 G = Mean time per level.
                   A        B        C        D        E       F      G
               +--------+--------+--------+--------+--------+-----+--------+
         Total |   3953 |   3861 |     92 |      0 |   2924 |   7 |  564.7 |
       Dungeon |   3300 |   3230 |     70 |      0 |   2521 |   5 |  660.0 |
        Temple |    228 |    206 |     22 |      0 |    189 |   1 |  228.0 |
         Sewer |    424 |    424 |      0 |      0 |    214 |   1 |  424.0 |
               +--------+--------+--------+--------+--------+-----+--------+

Top non-repeatable levels by time:
     D:4: 863 daAuts
     D:3: 687 daAuts
     D:2: 644 daAuts
     D:5: 600 daAuts
     D:1: 505 daAuts
   Sewer: 424 daAuts
  Temple: 228 daAuts
